 Dungeon Crawl Stone Soup version 0.28.0-45-g0d030f2227 (webtiles) character file.

Game seed: 13401953316092204441

182 Ablot the Grasshopper (level 5, -3/43 HPs)
             Began as a Gnoll Warper on Apr 4, 2022.
             Slain by Grinder (6 damage)
             ... on level 3 of the Dungeon.
             The game lasted 00:03:34 (3408 turns).

Ablot the Grasshopper (Gnoll Warper)                Turns: 3408, Time: 00:03:34

Health: -3/43      AC:  3    Str: 12    XL:     5   Next: 62%
Magic:  12/12      EV: 13    Int: 13    God:
Gold:   57         SH:  0    Dex: 11    Spells: 12/14 levels left

rFire   . . .      SeeInvis .   q - +2 flail (vorpal)
rCold   . . .      Faith    .   (no shield)
rNeg    . . .      Spirit   .   b - +0 leather armour
rPois   .          Reflect  .   (no helmet)
rElec   .          Harm     .   (no cloak)
rCorr   .          Rampage  .   (no gloves)
Will    .....                   (no boots)
Stlth   +.........              (no amulet)
HPRegen 0.14/turn               h - ring of wizardry
MPRegen 0.13/turn               (no ring)

@: no status effects
A: fangs 1, strong nose, distributed training
a: no special abilities


You were on level 3 of the Dungeon.
You visited 1 branch of the dungeon, and saw 3 of its levels.

You collected 57 gold pieces.

Inventory:

Hand Weapons
 a - a +0 spear
 q - a +2 vorpal flail (weapon)
Missiles
 d - 6 boomerangs of dispersal (quivered)
 e - 76 stones
 l - 19 arrows
Armour
 b - a +0 leather armour (worn)
Magical Staves
 g - a staff of earth
Jewellery
 h - a ring of wizardry (left hand)
 m - a ring of fire
Scrolls
 c - 2 scrolls of blinking
 f - a scroll of identify {unknown}
 n - a scroll of brand weapon {unknown}
 p - a scroll of acquirement {unknown}
Potions
 j - a potion of magic {unknown}
 k - a potion of resistance {unknown}
 o - a potion of mutation {unknown}


   Skills:
 + Level 4.8 Fighting
 + Level 1.5 Short Blades
 + Level 1.5 Long Blades
 + Level 1.5 Axes
 + Level 1.5 Maces & Flails
 + Level 4.8 Polearms
 + Level 1.5 Staves
 + Level 1.5 Slings
 + Level 1.5 Bows
 + Level 1.5 Crossbows
 + Level 3.0 Throwing
 + Level 3.0 Armour
 + Level 4.8 Dodging
 + Level 1.5 Stealth
 + Level 1.5 Shields
 + Level 1.5 Unarmed Combat
 + Level 5.2 Spellcasting
 + Level 1.2 Conjurations
 + Level 1.2 Hexes
 + Level 1.2 Summonings
 + Level 1.2 Necromancy
 + Level 5.5 Translocations
 + Level 1.2 Transmutations
 + Level 1.2 Fire Magic
 + Level 1.2 Ice Magic
 + Level 1.2 Air Magic
 + Level 1.2 Earth Magic
 + Level 1.2 Poison Magic
 + Level 1.7 Invocations
 + Level 1.5 Evocations


You had 12 spell levels left.
You knew the following spells:

 Your Spells              Type           Power      Damage    Failure   Level
a - Blink                 Tloc           34%        N/A       1%          2

Your spell library contained the following spells:

 Spells                   Type           Power      Damage    Failure   Level
 Gell's Gravitas          Tloc           17%        N/A       2%          3
 Lesser Beckoning         Tloc           17%        N/A       2%          3
 Teleport Other           Tloc           17%        N/A       2%          3
 Manifold Assault         Tloc           17%        N/A       26%         5
 Animate Armour           Summ/Erth      12%        N/A       45%         4
 Blade Hands              Tmut           3%         N/A       80%         5
 Iron Shot                Conj/Erth      3%         9d2       100%        6


Dungeon Overview and Level Annotations

Branches:
Dungeon (3/15)

Altars:
Xom
Zin

Annotations:
D:3 Grinder


Innate Abilities, Weirdness & Mutations

You have very sharp teeth.
Your uncanny sense of smell can sniff out nearby items.
Your experience applies equally to all skills.


Message History

You throw a poisoned dart.
The poisoned dart closely misses Grinder.
Unknown command.
Throw: dart (poison)
Press: ? - help, Q - select action, (/) - cycle Shift-Dir - straight line, f/p - Grinder
Aim: Grinder (55% to hit)
You throw a poisoned dart.
The poisoned dart closely misses Grinder.
Unknown command.
Unknown command.
Grinder hits you.
You writhe in agony.
You closely miss Grinder.
Grinder blinks!
Grinder barely misses you.
You completely miss Grinder. Grinder misses you.
You hit Grinder but do no damage. Grinder gestures at you.
Pain shoots through your body! Grinder hits you.
You writhe in agony.
You are too injured to fight recklessly!
You are too injured to fight recklessly!
You are too injured to fight recklessly!
You are too injured to fight recklessly!
You sock Grinder!
Grinder is moderately wounded.
Grinder hits you.
You writhe in agony.
* * * LOW HITPOINT WARNING * * *
You barely miss Grinder.
Grinder is moderately wounded.
Grinder hits you.
* * * LOW HITPOINT WARNING * * *
You sock Grinder!
Grinder is heavily wounded.
Grinder gestures at you. You resist with significant effort.
Grinder gestures at you. Pain shoots through your body!
* * * LOW HITPOINT WARNING * * *
You hit Grinder.
Grinder is heavily wounded.
Grinder hits you.
You die...

.######o####......#####'##
...........+......'>###.#######
########.###......#.##.........
...............###........)...
########.##....[..............
#..#.[...[............. ...#
##.#.....##..#####..### ...#
#.......##..#.A.#..# ...#
##...@..#<._#...#_.# ...#
#..5...#...#...#..# ...#
##...#.#..)#####..# ...#
#...#.#..........# ...#
##....'.........## <..+
#(.#.#............. ...#
#..#.#............. ####
#..#.##+##......... ∆
#.........


You could see Grinder.

Vanquished Creatures
  An ogre (D:3)
  An orc wizard (D:3)
  2 adders (D:3)
  A dart slug (D:1)
  4 orcs (D:3)
  8 ball pythons
  5 endoplasms
  2 giant cockroaches (D:1)
  4 goblins
  3 hobgoblins
  3 kobolds
  A quokka (D:2)
  7 bats
  5 frilled lizards
  A rat (D:1)
48 creatures vanquished.

Notes
Turn   | Place    | Note
-------+----------+-------------------------------------------
     0 | D:1      | Ablot the Gnoll Warper began the quest for the Orb.
     0 | D:1      | Reached XP level 1. HP: 20/20 MP: 6/6
    98 | D:1      | Reached XP level 2. HP: 23/26 MP: 7/7
   101 | D:1      | Learned a level 2 spell: Blink
   888 | D:1      | Reached XP level 3. HP: 20/31 MP: 9/9
  1153 | D:1      | Reached skill level 5 in Spellcasting
  1976 | D:2      | Reached skill level 1 in Invocations
  2209 | D:2      | Found a faded altar of an unknown god.
  2547 | D:3      | Reached skill level 1 in Short Blades
  2547 | D:3      | Reached skill level 1 in Long Blades
  2547 | D:3      | Reached skill level 1 in Axes
  2547 | D:3      | Reached skill level 1 in Maces & Flails
  2547 | D:3      | Reached skill level 1 in Staves
  2547 | D:3      | Reached skill level 1 in Slings
  2547 | D:3      | Reached skill level 1 in Bows
  2547 | D:3      | Reached skill level 1 in Crossbows
  2547 | D:3      | Reached skill level 1 in Stealth
  2547 | D:3      | Reached skill level 1 in Shields
  2547 | D:3      | Reached skill level 1 in Unarmed Combat
  2547 | D:3      | Reached skill level 1 in Evocations
  2692 | D:3      | Noticed an angel
  2692 | D:3      | Noticed an ogre
  2692 | D:3      | Found a glowing silver altar of Zin.
  2701 | D:3      | Found a shimmering altar of Xom.
  2706 | D:3      | Killed an ogre
  2707 | D:3      | Reached skill level 1 in Conjurations
  2707 | D:3      | Reached skill level 1 in Hexes
  2707 | D:3      | Reached skill level 1 in Summonings
  2707 | D:3      | Reached skill level 1 in Necromancy
  2707 | D:3      | Reached skill level 1 in Transmutations
  2707 | D:3      | Reached skill level 1 in Fire Magic
  2707 | D:3      | Reached skill level 1 in Ice Magic
  2707 | D:3      | Reached skill level 1 in Air Magic
  2707 | D:3      | Reached skill level 1 in Earth Magic
  2707 | D:3      | Reached skill level 1 in Poison Magic
  2707 | D:3      | Reached XP level 4. HP: 23/38 MP: 11/11
  2707 | D:3      | Reached XP level 5. HP: 26/43 MP: 12/12
  3395 | D:3      | Noticed Grinder
  3408 | D:3      | Slain by Grinder

Illustrated notes

Levels and vault maps discovered:
D:1:      mrwooster_arrival_statue_3, layout_loops_corners
D:2:      layout_loops_corners, ebering_ecumenical_altar_webs
D:3:      layout_basic, grunt_temple_overflow_order_and_chaos_1, uniq_grinder

Skill      XL: |  1  2  3  4  5 |
---------------+----------------+-----
Spellcasting   | 5 |  5.2
Invocations    | 1 |  1.7
Short Blades   | 1 |  1.5
Long Blades    | 1 |  1.5
Axes           | 1 |  1.5
Maces & Flails | 1 |  1.5
Staves         | 1 |  1.5
Slings         | 1 |  1.5
Bows           | 1 |  1.5
Crossbows      | 1 |  1.5
Stealth        | 1 |  1.5
Shields        | 1 |  1.5
Unarmed Combat | 1 |  1.5
Evocations     | 1 |  1.5
Conjurations   | 1 |  1.2
Hexes          | 1 |  1.2
Summonings     | 1 |  1.2
Necromancy     | 1 |  1.2
Transmutations | 1 |  1.2
Fire Magic     | 1 |  1.2
Ice Magic      | 1 |  1.2
Air Magic      | 1 |  1.2
Earth Magic    | 1 |  1.2
Poison Magic   | 1 |  1.2
Throwing       | 3 |  3.0
Armour         | 3 |  3.0
Fighting       | |  4.8
Polearms       | |  4.8
Dodging        | |  4.8
Translocations | |  5.5

Action                   |  1- 3 |  4- 6 || total
-------------------------+-------+-------++-------
Melee: Spear             |   157 |    58 ||   215
       Bite              |    15 |     6 ||    21
       Punch             |     1 |       ||     1
       Flail             |       |     7 ||     7
Throw: Dart              |     4 |     5 ||     9
 Stab: Sleeping          |     6 |     1 ||     7
Armor: Leather armour    |    24 |     3 ||    27
Dodge: Dodged            |    57 |    24 ||    81
